Map: Port Aleksander LE

Players

Demi

  • Race: Zerg Zerg
  • Spawn Location: 11:00

Cham - Winner!

  • Race: Zerg Zerg
  • League: Grandmaster
  • Spawn Location: 5:00

Event: 2019 WCS Winter Americas

VOD

Have the link to the VOD?

Description

Time

  • Played on: Feb. 2, 2019, 1:48 p.m.
  • Length: 7:06

All games in this series

Show
View Real Time Build Order
Export as new Build Order

Demi Zerg 

Build Orders: Hatch First 

Get SALT Encoding   

  12  0:01  Drone  
  13  0:12  Overlord  
  13  0:18  Drone  
  14  0:31  Drone x2  
  16  0:50  Hatchery  
  16  0:53  Drone  
  17  0:57  Drone  
  17  1:00  Drone  
  18  1:11  Extractor  
  17  1:16  Spawning Pool  
  16  1:18  Drone  
  16  1:22  Drone  
  18  1:30  Drone  
  19  1:39  Drone  
  20  1:52  Overlord  
  20  2:02  Queen x2  
  20  2:03  Zergling x2  
  20  2:04  Drone  
  26  2:13  Drone  
  26  2:15  Drone  
  28  2:24  Drone  
  28  2:25  Drone  
  30  2:31  Metabolic Boost  
  30  2:34  Overlord  
  30  2:38  Queen  
  30  2:42  Drone  
  33  2:47  Evolution Chamber, Drone x2  
  34  2:55  Drone  
  34  3:00  Drone  
  34  3:05  Roach Warren  
  34  3:06  Drone x2  
  36  3:14  Drone x3  
  36  3:15  Zerg Missile Weapons Level 1  
  39  3:20  Overlord  
  39  3:27  Overlord  
  39  3:29  Zergling x4  
  39  3:30  Zergling x2  
  42  3:41  Zergling x4  
  44  3:52  Zergling x2  
  44  3:53  Zergling x12  
  49  3:57  Evolution Chamber  
  49  4:00  Lair  
  47  4:03  Overlord  
  47  4:04  Drone  
  47  4:06  Extractor  
  47  4:07  Extractor  
  46  4:10  Drone  
  46  4:12  Drone  
  46  4:16  Drone  
  49  4:21  Drone  
  51  4:27  Drone  
  52  4:31  Overlord  
  52  4:32  Drone x3  
  52  4:33  Drone x2  
  52  4:35  Hatchery  
  56  4:43  Overlord  
  56  4:49  Roach  
  56  4:50  Roach  
  60  5:00  Roach x4  
  60  5:02  Overseer  
  60  5:05  Overlord  
  60  5:06  Overlord  
  68  5:10  Glial Reconstitution  
  68  5:12  Overlord x2  
  68  5:17  Roach x2  
  71  5:26  Roach  
  71  5:27  Roach x2  
  77  5:33  Roach  
  79  5:36  Roach x2  
  75  5:53  Roach  
  75  5:54  Roach x4, Zergling x4  
  79  6:01  Roach x2  
  79  6:04  Roach, Zergling x4  
  85  6:07  Roach  
  89  6:14  Roach  
  91  6:23  Roach  
  91  6:24  Roach  
  86  6:33  Roach Warren, Zergling x2  
  86  6:34  Zergling x2  
  86  6:35  Zergling x6  
Show
View Real Time Build Order
Export as new Build Order

Cham Zerg - Winner!

Build Orders: Hatch First 

Get SALT Encoding   

  12  0:00  Drone  
  13  0:08  Drone  
  14  0:17  Overlord  
  14  0:35  Drone x2  
  16  0:48  Hatchery  
  15  0:53  Drone  
  15  0:57  Drone  
  17  1:04  Extractor  
  16  1:13  Spawning Pool  
  16  1:16  Drone  
  16  1:20  Drone  
  16  1:23  Drone  
  18  1:37  Drone  
  19  1:51  Overlord  
  19  2:00  Queen x2  
  23  2:04  Metabolic Boost  
  23  2:10  Drone x2  
  23  2:13  Drone  
  26  2:16  Drone  
  26  2:20  Drone  
  28  2:25  Overlord  
  29  2:30  Drone  
  29  2:32  Drone  
  29  2:35  Drone  
  31  2:42  Queen  
  33  2:50  Evolution Chamber  
  32  2:57  Drone  
  32  2:58  Overlord, Drone  
  34  3:00  Drone  
  35  3:09  Zergling x2  
  35  3:10  Zergling x8  
  40  3:15  Zerg Melee Weapons Level 1  
  40  3:18  Zergling x2  
  40  3:19  Zergling x2  
  42  3:23  Drone  
  42  3:24  Drone  
  42  3:25  Drone  
  45  3:35  Drone x2  
  47  3:43  Extractor  
  47  3:44  Roach Warren  
  47  3:46  Drone x4  
  49  3:53  Drone x2  
  48  3:58  Overlord, Drone  
  49  4:06  Hatchery  
  48  4:14  Overlord  
  48  4:24  Roach x5  
  58  4:26  Roach  
  60  4:34  Roach x3  
  60  4:36  Roach  
  68  4:42  Overlord  
  68  4:45  Overlord  
  68  4:54  Overlord  
  68  5:01  Roach x4  
  68  5:05  Zergling x2  
  68  5:06  Zergling x4  
  79  5:08  Ravager x2  
  79  5:10  Zergling x6  
  79  5:12  Zergling x2  
  85  5:15  Overlord  
  85  5:18  Overlord  
  85  5:21  Ravager  
  86  5:23  Zergling x2  
  86  5:25  Zergling x2  
  88  5:29  Ravager, Zergling x2  
  88  5:35  Overlord  
  90  5:36  Zergling x2  
  90  5:39  Zergling x6  
  90  5:40  Ravager  
  95  5:45  Zergling x6  
  95  5:49  Zergling x8  
  94  5:54  Zergling x4  
  90  5:57  Zergling x2  
  90  6:00  Ravager  
  90  6:03  Zergling x4  
  93  6:08  Zergling x8  
  97  6:14  Zergling x4  
  98  6:20  Zergling x2  
  98  6:25  Zergling x8  
  103  6:30  Overlord, Zergling x2  
  104  6:35  Zergling x4  
  106  6:42  Zergling x2  
  106  6:43  Zergling x4  
  106  6:57  Extractor  
  106  6:58  Extractor  
Tags
 
Add a new tag
Caveats
  • Supply blocks, unpowered buildings, or Contaminate may cause inaccurate times.
  • Supply counts are checked every 10 seconds.